 Dungeon Crawl Stone Soup version 0.30-a0-373-gd37427bb62 (webtiles) character file.

Game seed: 16950031927051101111

52 mopl the Sneak (level 3, -5/24 HPs)
             Began as an Octopode Brigand on Nov 24, 2022.
             Killed by divine providence
             ... invoked by an orc priest
              (7 damage)
             ... on level 3 of the Dungeon.
             The game lasted 00:01:34 (1571 turns).

mopl the Sneak (Octopode Brigand)                   Turns: 1571, Time: 00:01:35

Health: -5/24      AC:  1    Str: 10    XL:     3   Next: 85%
Magic:  3/3        EV: 12    Int: 15    God:
Gold:   141        SH:  0    Dex: 13    Spells: 2/2 levels left

rFire   . . .      SeeInvis .    a - +2 dagger
rCold   . . .      Faith    .    (no shield)
rNeg    . . .      Spirit   .    (helmet restricted)
rPois   .          Reflect  .    (no amulet)
rElec   .          Harm     .    (no ring)
rCorr   .          Rampage  .    (no ring)
Will    .....                    (no ring)
Stlth   ++++......               (no ring)
HPRegen 0.24/turn                (no ring)
MPRegen 0.08/turn                (no ring)
                                 (no ring)
                                 (no ring)

@: no status effects
A: almost no armour, amphibious, 8 rings, camouflage 1, gelatinous body 1,
(nimble swimmer 1), tentacles
a: no special abilities


You were on level 3 of the Dungeon.
You visited 1 branch of the dungeon, and saw 3 of its levels.

You collected 141 gold pieces.

Inventory:

Hand Weapons
 a - a +2 dagger (weapon)
Missiles
 b - 9 poisoned darts (quivered)
 c - 3 curare-tipped darts
Wands
 m - a wand of iceblast (11)
Scrolls
 d - 2 scrolls of immolation {unknown}
 e - 2 scrolls of blinking {unknown}
 f - 3 scrolls of teleportation {unknown}
 g - 2 scrolls of identify
 i - a scroll of fear {unknown}
 j - a scroll of magic mapping {unknown}
 k - a scroll of amnesia {unknown}
 n - a scroll of enchant weapon {unknown}
Potions
 h - 3 potions of curing
 l - a potion of might


   Skills:
 - Level 2.0 Fighting
 - Level 2.0 Short Blades
 + Level 3.1 Throwing
 - Level 1.0 Dodging
 + Level 6.4 Stealth


You had 2 spell levels left.
You didn't know any spells.
Your spell library contained the following spells:

 Spells                   Type           Power      Damage    Failure   Level
 Conjure Ball Lightning   Conj/Air       0%         3x3d6     100%        6
 Discord                  Hex            0%         N/A       100%        8
 Disjunction              Tloc           0%         N/A       100%        8


Dungeon Overview and Level Annotations

Branches:
Dungeon (3/15)

Altars:
Makhleb


Innate Abilities, Weirdness & Mutations

You cannot wear most types of armour.
You are amphibious.
You can wear up to eight rings at the same time.
Your skin changes colour to match your surroundings (Stealth+).
Your rubbery body absorbs attacks. (AC +1, EV +1)
((You are camouflaged when in or above water. (Stealth+)))
You have tentacles for arms and can constrict up to eight enemies at once.


Message History

There is an open door here.
A rat comes into view. 2 orcs come into view.
An orc priest and a frilled lizard come into view.
Found a ring mail.
The orc shouts!
The orc priest shouts!
The frilled lizard hisses angrily.
The frilled lizard moves out of view.
The orc priest mumbles some strange prayers to Beogh against you.
Beogh smites you!
The orc shouts!
You hit the rat.
You kill the rat!
The orc priest mumbles some strange prayers to Beogh against you.
Beogh smites you!
Ouch! That really hurt!
* * * LOW HITPOINT WARNING * * *
You are too injured to fight recklessly!
You are too injured to fight recklessly!
You are too injured to fight recklessly!
You are too injured to fight recklessly!
You are too injured to fight recklessly!
You are too injured to fight recklessly!
You are too injured to fight recklessly!
You are too injured to fight recklessly!
You are too injured to fight recklessly!
You are too injured to fight recklessly!
Unknown command.
Found a stone staircase leading down.
The frilled lizard barely misses you.
A bat comes into view.
The frilled lizard closely misses you.
The orc priest miscasts a cantrip.
The bat moves out of view.
The orc attacks as you move away! The orc hits you with a +0 hand axe.
* * * LOW HITPOINT WARNING * * *
The orc attacks as you move away! The orc misses you.
The frilled lizard attacks as you move away!
The frilled lizard closely misses you.
Found a burning altar of Makhleb.
The orc priest invokes the aid of Beogh against you.
Beogh smites you!
You die...

≈_. .§≈§≈§ ..≈≈§≈
...... ####.#...
#.####>.......
#.........#.#
#@...#.# #l...#.#
#..#...# #..o...#
##.#o.## #
#.#..##.#####
#####.#..........
#........†..###..
#.###.#.###.#


You could see an orc priest, an orc and a frilled lizard.

Vanquished Creatures
  3 dart slugs
  3 ball pythons
  9 endoplasms
  4 goblins
  A hobgoblin (D:1)
  5 kobolds
  2 quokkas
  6 bats
  4 frilled lizards
  7 rats
44 creatures vanquished.

Notes
Turn   | Place    | Note
-------+----------+-------------------------------------------
     0 | D:1      | mopl the Octopode Brigand began the quest for the Orb.
     0 | D:1      | Reached XP level 1. HP: 14/14 MP: 1/1
    89 | D:1      | Reached XP level 2. HP: 19/19 MP: 2/2
   241 | D:1      | Found a faded altar of an unknown god.
   358 | D:1      | Reached skill level 6 in Stealth
   379 | D:1      | Reached XP level 3. HP: 24/24 MP: 3/3
  1096 | D:2      | Reached skill level 3 in Throwing
  1565 | D:3      | HP: 1/24 [orc priest/divine providence (12)]
  1571 | D:3      | Found a burning altar of Makhleb.
  1571 | D:3      | Killed from afar by an orc priest

Illustrated notes

Levels and vault maps discovered:
D:1:      tarquinn_simple_flora_water_f, layout_loops_ring,
          chequers_ecumenical_altar_simple_redux, glass_columns_c
D:2:      layout_loops_corners, minmay_tetromino_i2
D:3:      layout_basic, mainiacjoe_overflow_catwalk, serial_shops, shop,
          grunt_decor_junction, kennysheep_generic_room_8

Skill      XL: |  1  2  3 |
---------------+----------+-----
Stealth        | 6 |  6.4
Throwing       | 3 |  3.1
Fighting       | |  2.0
Short Blades   | |  2.0
Dodging        | |  1.0

Action                   || total
-------------------------++-------
Melee: Dagger            ||    65
       Tentacles         ||     5
       Constrict         ||     5
  Use: Scroll            ||     2
 Stab: Sleeping          ||    28
       Distracted        ||     1
Armor: Skin              ||     2
Dodge: Dodged            ||    28

Table legend: (Time is in decaauts)
 A = Elapsed time spent in this place.
 B = Non-inter-level travel time spent in this place.
 C = Inter-level travel time spent in this place.
 D = Time resting spent in this place.
 E = Time spent auto-exploring this place.
 F = Levels seen in this place.
 G = Mean time per level.
                   A        B        C        D        E       F      G
               +--------+--------+--------+--------+--------+-----+--------+
         Total |   1563 |   1505 |     58 |     52 |   1166 |   3 |  521.0 |
       Dungeon |   1563 |   1505 |     58 |     52 |   1166 |   3 |  521.0 |
               +--------+--------+--------+--------+--------+-----+--------+

Top non-repeatable levels by time:
     D:1: 722 daAuts
     D:2: 706 daAuts
     D:3: 134 daAuts
